 Dungeon Sprint DCSS version 0.16-a0-3661-g910cf96 (webtiles) character file.

413 Fv001 the Nimble (level 6, -4/61 HPs)
             Began as a Draconian Fighter on Jan 17, 2015.
             Was an Initiate of Ru.
             Slain by a five-headed hydra (11 damage)
             ... in the Dungeon (Sprint IX: "|||||||||||||||||||||||||||||").
             The game lasted 00:03:39 (378 turns).

Fv001 the Nimble (Draconian Fighter)                 Turns: 378, Time: 00:03:40

Health: -4/61      AC: 11    Str: 19    XL:     6   Next: 59%
Magic:  6/6        EV: 14    Int: 13    God:    Ru [......]
Gold:   0          SH: 11    Dex: 10    Spells: 0 memorised, 5 levels left

rFire  . . .     SeeInvis .     a - +0 flail
rCold  . . .     Clarity  .     (armour unavailable)
rNeg   . . .     SustAb   .     c - +0 shield
rPois  .         Gourm    .     (helmet restricted)
rElec  .         Spirit   .     p - +0 cloak
rCorr  .         Warding  .     b - +0 pair of gloves
rMut   .         NoTele   +     d - +0 pair of boots
MR     .....                    (no amulet)
Stlth  +.........               r - +3 ring of intelligence
                                q - +2 ring of protection

@: very slightly contaminated, invisible, not resistant to hostile enchantments,
very unstealthy
A: unfitting armour, cold-blooded, AC +6
a: Renounce Religion


You were in the Dungeon.
You worshipped Ru.
Ru was noncommittal.
You were not hungry.

You visited 1 branch

Inventory:

Hand weapons
 a - a +0 flail (weapon)
 o - a +2 scimitar of holy wrath
Armour
 b - a +0 pair of gloves (worn)
 c - a +0 shield (worn)
 d - a +0 pair of boots (worn)
 p - a +0 cloak (worn)
Jewellery
 q - a +2 ring of protection (left hand)
 r - a +3 ring of intelligence (right hand)
Magical devices
 n - a wand of cold (7)
Scrolls
 k - 3 scrolls of remove curse
 l - a scroll of blinking
 m - 2 scrolls of amnesia
Potions
 g - 5 potions of curing
 h - a potion of heal wounds
 j - 4 potions of magic


   Skills:
 + Level 7.8 Fighting
 + Level 3.1 Long Blades
 + Level 4.3 Maces & Flails
 + Level 8.7 Dodging
 + Level 0.6 Stealth
 + Level 8.0 Shields


You had 5 spell levels left.
You didn't know any spells.

Dungeon Overview and Level Annotations

Branches:
Dungeon (1/1)

Altars:
Cheibriados
Dithmenos
Elyvilon
Fedhas
Gozag
Kikubaaqudgha
Makhleb
Nemelex Xobeh
Okawaru
Qazlal
Ru
Sif Muna
Trog
Vehumet
Xom
Yredelemnul
Zin
The Shining One
Beogh
Jiyva
Lugonu


Innate Abilities, Weirdness & Mutations

Your plain brown scales are hard (AC +6).
Your body does not fit into most forms of armour.
Your cold-blooded metabolism reacts poorly to cold.


Message History

The five-headed hydra bites you!
You see here a +1 chain mail.
You see here a +0 naga barding.
Drink which item? (? for menu, Esc to quit)
You fade into invisibility!
The five-headed hydra bites you.
* * * LOW HITPOINT WARNING * * *
You block the five-headed hydra's attack.
The five-headed hydra closely misses you.
The five-headed hydra misses you.
You block the five-headed hydra's attack.
You hit the five-headed hydra.
The five-headed hydra is lightly wounded.
You block the five-headed hydra's attack.
The five-headed hydra bites you!
* * * LOW HITPOINT WARNING * * *
You block the five-headed hydra's attack.
The five-headed hydra bites you but does no damage.
The five-headed hydra bites you!
You die...

▓_▓
▓_▓
▓'▓
▓.▓
▓.▓
▓|▓
▓)▓
▓)▓
▓@▓
▓D▓
▓H▓
▓F▓
▓O▓
▓.▓
▓.▓
▓.▓
▓.▓


You could see a five-headed hydra, a griffon, a two-headed ogre and a giant
frog.

Vanquished Creatures
  A hungry ghost (D)
  2 ogres (D)
  2 crimson imps (D)
  An iguana (D)
  An adder (D)
  A giant gecko (D)
  A bat (D)
  2 bat skeletons (D)
  A bat zombie (D)
  2 kobolds (D)
  A giant newt (D)
  A goblin (D)
  A jackal skeleton (D)
  A rat (D)
18 creatures vanquished.

Notes
Turn   | Place    | Note
--------------------------------------------------------------
     0 | D        | Fv001, the Draconian Fighter, began the quest for the Orb.
     0 | D        | Reached XP level 1. HP: 19/19 MP: 1/1
    19 | D        | Reached skill level 4 in Fighting
   204 | D        | Noticed an ogre
   214 | D        | Killed an ogre
   214 | D        | Reached skill level 5 in Fighting
   214 | D        | Reached skill level 5 in Dodging
   214 | D        | Reached skill level 5 in Shields
   214 | D        | Reached XP level 2. HP: 12/30 MP: 2/2
   214 | D        | Reached XP level 3. HP: 14/37 MP: 3/3
   214 | D        | Reached XP level 4. HP: 16/44 MP: 4/4
   228 | D        | Found a glowing silver altar of Zin.
   228 | D        | Found a glowing golden altar of the Shining One.
   228 | D        | Found an ancient bone altar of Kikubaaqudgha.
   228 | D        | Found a basalt altar of Yredelemnul.
   228 | D        | Found a shimmering altar of Xom.
   228 | D        | Found a radiant altar of Vehumet.
   228 | D        | Found an iron altar of Okawaru.
   229 | D        | Found a burning altar of Makhleb.
   230 | D        | Found a deep blue altar of Sif Muna.
   231 | D        | Found a bloodstained altar of Trog.
   232 | D        | Found a sparkling altar of Nemelex Xobeh.
   233 | D        | Found a white marble altar of Elyvilon.
   234 | D        | Found a roughly hewn altar of Beogh.
   235 | D        | Found a viscous altar of Jiyva.
   236 | D        | Found a corrupted altar of Lugonu.
   237 | D        | Found a blossoming altar of Fedhas.
   238 | D        | Found a snail-covered altar of Cheibriados.
   239 | D        | Found a shadowy altar of Dithmenos.
   240 | D        | Found a stormy altar of Qazlal.
   241 | D        | Found an opulent altar of Gozag.
   242 | D        | Found a sacrificial altar of Ru.
   251 | D        | Became a worshipper of Ru the Awakened
   280 | D        | Noticed an ogre
   280 | D        | Noticed a crimson imp
   280 | D        | Noticed an iguana
   286 | D        | Reached skill level 6 in Fighting
   297 | D        | Killed a crimson imp
   301 | D        | HP: 1/45 [ogre/giant club (22)]
   315 | D        | Killed an ogre
   315 | D        | Reached skill level 1 in Long Blades
   315 | D        | Reached skill level 7 in Dodging
   315 | D        | Reached XP level 5. HP: 34/51 MP: 5/5
   318 | D        | Killed an iguana
   338 | D        | Noticed a hungry ghost
   338 | D        | Noticed a five-headed hydra
   338 | D        | Noticed a crimson imp
   338 | D        | Noticed a griffon
   338 | D        | Noticed a giant frog
   338 | D        | Noticed a two-headed ogre
   361 | D        | Killed a hungry ghost
   361 | D        | Reached skill level 8 in Dodging
   361 | D        | Reached XP level 6. HP: 31/60 MP: 6/6
   372 | D        | Killed a crimson imp
   378 | D        | Slain by a five-headed hydra

Action                   |  1- 3 |  4- 6 || total
-------------------------+-------+-------++-------
Melee: Flail             |    21 |    13 ||    34
       Scimitar          |       |    57 ||    57
  Use: Potion            |     2 |     4 ||     6
       Scroll            |       |     1 ||     1
  Eat: Chunk             |       |     1 ||     1
       Bread ration      |       |     1 ||     1
